3L
LAS VEGAS FLAMINGOS @ OAKLAND OAKS
08/16/2022
 
TOP OF THE 1ST
Las Vegas Flamingos batting - Pitching for Oakland Oaks : RHP Matt Webber
Pitching: RHP Matt Webber
Batting: RHB Pablo Lugo 0-0: Called Strike
0-1: Ground out 6-3 (Groundball, 6)
Batting: RHB Bill Taylor 0-0: Foul Ball, location: 2F
0-1: Foul Ball, location: 2F
0-2: Ball
1-2: Strikes out swinging
Batting: RHB Jeff Young 0-0: SINGLE (Line Drive, 89M)
Batting: RHB Sake van Arem 0-0: Called Strike
0-1: Foul Ball, location: 2F
0-2: Strikes out looking
Top of the 1st over - 0 run(s), 1 hit(s), 0 error(s), 1 left on base; Las Vegas 0 - Oakland 0
BOTTOM OF THE 1ST
Oakland Oaks batting - Pitching for Las Vegas Flamingos : RHP Culley Sandoval
Pitching: RHP Culley Sandoval
Batting: SHB John Allen 0-0: Ball
1-0: Foul Ball, location: 2F
1-1: Ball
2-1: Ball
3-1: Base on Balls
Batting: LHB Randy Daugherty 0-0: Ball
1-0: Foul Ball, location: 2F
1-1: Called Strike
1-2: Foul Ball, location: 2F
1-2: Ball
2-2: Ball
3-2: Foul Ball, location: 2F
3-2: Ground out 5-3 (Groundball, 56S)
John Allen to second
Batting: LHB Edwin Church 0-0: Ball
1-0: 2-RUN HOME RUN (Line Drive, 9LD), Distance : 349 ft
Batting: RHB Dave Henderson 0-0: Ball
1-0: Ground out 6-3 (Groundball, 6M)
Batting: LHB Ron Frazier 0-0: Ball
1-0: Called Strike
1-1: Called Strike
1-2: Ball
2-2: Ball
3-2: Foul Ball, location: 2F
3-2: Strikes out swinging
Bottom of the 1st over - 2 run(s), 1 hit(s), 0 error(s), 0 left on base; Las Vegas 0 - Oakland 2
TOP OF THE 2ND
Las Vegas Flamingos batting - Pitching for Oakland Oaks : RHP Matt Webber
Batting: LHB Ron Goodwin 0-0: Called Strike
0-1: Swinging Strike
0-2: Strikes out swinging
Batting: RHB Terry Sylvester 0-0: Called Strike
0-1: Ball
1-1: Ball
2-1: Ball
3-1: Base on Balls
Batting: LHB José Meléndez 0-0: Called Strike
0-1: Foul Ball, location: 2F
0-2: Ball
1-2: Strikes out swinging
Batting: RHB Ted Young 0-0: Ground out 4-3 (Groundball, 4)
Top of the 2nd over - 0 run(s), 0 hit(s), 0 error(s), 1 left on base; Las Vegas 0 - Oakland 2
BOTTOM OF THE 2ND
Oakland Oaks batting - Pitching for Las Vegas Flamingos : RHP Culley Sandoval
Batting: LHB Jesús Quintanilla 0-0: Called Strike
0-1: Fly out, F7 (Flyball, 7D)
Batting: RHB Miguel Fernández 0-0: Called Strike
0-1: Ball
1-1: Ground out 5-3 (Groundball, 5L)
Batting: LHB Johnny Hernández 0-0: Ball
1-0: Called Strike
1-1: Swinging Strike
1-2: Strikes out swinging
Bottom of the 2nd over - 0 run(s), 0 hit(s), 0 error(s), 0 left on base; Las Vegas 0 - Oakland 2
TOP OF THE 3RD
Las Vegas Flamingos batting - Pitching for Oakland Oaks : RHP Matt Webber
Batting: RHB Wayne Bannatyne 0-0: Ball
1-0: Ground out U3 (Groundball, 3)
Batting: RHB Pablo Lugo 0-0: Called Strike
0-1: Swinging Strike
0-2: Fly out, F4 (Line Drive, 4)
Batting: RHB Bill Taylor 0-0: Ball
1-0: Ground out 6-3 (Groundball, 6M)
Top of the 3rd over - 0 run(s), 0 hit(s), 0 error(s), 0 left on base; Las Vegas 0 - Oakland 2
BOTTOM OF THE 3RD
Oakland Oaks batting - Pitching for Las Vegas Flamingos : RHP Culley Sandoval
Batting: LHB Todd Henry 0-0: Fly out, F9 (Flyball, 9LD)
Batting: SHB John Allen 0-0: Called Strike
0-1: Swinging Strike
0-2: Ball
1-2: Strikes out swinging
Batting: LHB Randy Daugherty 0-0: Ball
1-0: Ball
2-0: Ball
3-0: Called Strike
3-1: Base on Balls
Batting: LHB Edwin Church 0-0: Ball
1-0: Ball
Randy Daugherty steals 2nd base
2-0: Called Strike
2-1: Ground out 4-3 (Groundball, 4)
Bottom of the 3rd over - 0 run(s), 0 hit(s), 0 error(s), 1 left on base; Las Vegas 0 - Oakland 2
TOP OF THE 4TH
Las Vegas Flamingos batting - Pitching for Oakland Oaks : RHP Matt Webber
Batting: RHB Jeff Young 0-0: Swinging Strike
0-1: Ball
1-1: Ball
2-1: Foul Ball, location: 2F
2-2: Ball
3-2: Hit by Pitch
Batting: RHB Sake van Arem 0-0: Ball
1-0: Ball
2-0: Ball
3-0: Base on Balls
Jeff Young to second
Batting: LHB Ron Goodwin 0-0: Called Strike
0-1: Ball
1-1: SINGLE (Line Drive, 34)
Jeff Young to third
Sake van Arem to second
Runner from 3rd tries for Home, SAFE, throw made home
Batting: RHB Terry Sylvester 0-0: Ball
1-0: Foul Ball, location: 2F
1-1: Ball
2-1: Fly out, F7 (Flyball, 78XD)
Runner from 2nd tags up, SAFE at 3rd, no throw
Batting: LHB José Meléndez 0-0: Ball
1-0: Ball
2-0: Ball
Wild Pitch!
Sake van Arem scores
Ron Goodwin to second
3-0: Called Strike
3-1: Called Strike
3-2: Foul Ball, location: 2F
3-2: Base on Balls
Batting: RHB Ted Young 0-0: Called Strike
0-1: Ball
1-1: Called Strike
1-2: Strikes out swinging
Batting: RHB Wayne Bannatyne 0-0: Foul Ball, location: 2F
0-1: Swinging Strike
0-2: Strikes out swinging
Top of the 4th over - 2 run(s), 1 hit(s), 0 error(s), 2 left on base; Las Vegas 2 - Oakland 2
BOTTOM OF THE 4TH
Oakland Oaks batting - Pitching for Las Vegas Flamingos : RHP Culley Sandoval
Batting: RHB Dave Henderson 0-0: DOUBLE (Flyball, 78D)
Batting: LHB Ron Frazier 0-0: SINGLE (Groundball, 34D) (infield hit)
Dave Henderson to third
Batting: LHB Jesús Quintanilla 0-0: Ball
1-0: Swinging Strike
1-1: TRIPLE (Flyball, 8LD)
Dave Henderson scores
Ron Frazier scores
Batting: RHB Miguel Fernández 0-0: Swinging Strike
0-1: Ground out 6-3 (Groundball, 6)
Jesús Quintanilla scores
Batting: LHB Johnny Hernández 0-0: Ball
1-0: Foul Ball, location: 2F
1-1: Ball
2-1: Ground out 4-3 (Groundball, 4M)
Batting: LHB Todd Henry 0-0: Ball
1-0: Foul Ball, location: 2F
1-1: Ball
2-1: Ball
3-1: Foul Ball, location: 2F
3-2: Ground out 4-3 (Groundball, 4)
Bottom of the 4th over - 3 run(s), 3 hit(s), 0 error(s), 0 left on base; Las Vegas 2 - Oakland 5
TOP OF THE 5TH
Las Vegas Flamingos batting - Pitching for Oakland Oaks : RHP Matt Webber
Batting: RHB Pablo Lugo 0-0: Swinging Strike
0-1: Called Strike
0-2: Strikes out swinging
Batting: RHB Bill Taylor 0-0: Called Strike
0-1: Ground out 5-3 (Groundball, 5)
Batting: RHB Jeff Young 0-0: Called Strike
0-1: Ball
1-1: Called Strike
1-2: Ground out 6-3 (Groundball, 6)
Top of the 5th over - 0 run(s), 0 hit(s), 0 error(s), 0 left on base; Las Vegas 2 - Oakland 5
BOTTOM OF THE 5TH
Oakland Oaks batting - Pitching for Las Vegas Flamingos : RHP Culley Sandoval
Batting: SHB John Allen 0-0: Foul Ball, location: 2F
0-1: Ball
1-1: Ball
2-1: Foul Ball, location: 2F
2-2: Ball
3-2: Foul Ball, location: 2F
3-2: SOLO HOME RUN (Flyball, 8LXD), Distance : 439 ft
Pitching: RHP Roger Garrett
Batting: LHB Randy Daugherty 0-0: Called Strike
0-1: Called Strike
0-2: Ball
1-2: Strikes out swinging
Batting: LHB Edwin Church 0-0: Called Strike
0-1: Ball
1-1: Ball
2-1: Swinging Strike
2-2: SINGLE (Line Drive, 4D)
Batting: RHB Dave Henderson 0-0: Ball
1-0: Called Strike
1-1: Foul Ball, location: 2F
1-2: Strikes out looking
Batting: LHB Ron Frazier 0-0: Called Strike
0-1: Ball
1-1: Ball
2-1: Ball
3-1: Base on Balls
Edwin Church to second
Batting: LHB Jesús Quintanilla 0-0: Called Strike
0-1: Fly out, F8 (Flyball, 78M)
Bottom of the 5th over - 1 run(s), 2 hit(s), 0 error(s), 2 left on base; Las Vegas 2 - Oakland 6
TOP OF THE 6TH
Las Vegas Flamingos batting - Pitching for Oakland Oaks : RHP Matt Webber
Batting: RHB Sake van Arem 0-0: Ball
1-0: Called Strike
1-1: Swinging Strike
1-2: Strikes out swinging
Batting: LHB Ron Goodwin 0-0: Called Strike
0-1: Ball
1-1: Ball
2-1: Foul Ball, location: 2F
2-2: Foul Ball, location: 2F
2-2: Strikes out swinging
Batting: RHB Terry Sylvester 0-0: Ball
1-0: Fly out, F7 (Flyball, 78S)
Top of the 6th over - 0 run(s), 0 hit(s), 0 error(s), 0 left on base; Las Vegas 2 - Oakland 6
BOTTOM OF THE 6TH
Oakland Oaks batting - Pitching for Las Vegas Flamingos : RHP Roger Garrett
Batting: RHB Miguel Fernández 0-0: Foul Ball, location: 2F
0-1: Ball
1-1: Ball
2-1: Ball
3-1: Fly out, F1 (Line Drive, 13)
Batting: LHB Johnny Hernández 0-0: Called Strike
0-1: Ball
1-1: Swinging Strike
1-2: Strikes out looking
Batting: LHB Todd Henry 0-0: Called Strike
0-1: SINGLE (Line Drive, 56D)
Batting: SHB John Allen 0-0: Ball
1-0: Called Strike
1-1: Swinging Strike
1-2: Ball
2-2: Strikes out swinging
Bottom of the 6th over - 0 run(s), 1 hit(s), 0 error(s), 1 left on base; Las Vegas 2 - Oakland 6
TOP OF THE 7TH
Las Vegas Flamingos batting - Pitching for Oakland Oaks : RHP Matt Webber
Batting: LHB José Meléndez 0-0: SINGLE (Groundball, 34S)
Batting: RHB Ted Young 0-0: Ball
1-0: Ball
2-0: Ball
3-0: Called Strike
3-1: Foul Ball, location: 2F
3-2: Foul Ball, location: 2F
3-2: SINGLE (Line Drive, 8RS)
José Meléndez to second
José Meléndez to third
Batting: RHB Wayne Bannatyne 0-0: Called Strike
0-1: Ground out 4-3 (Groundball, 4M)
José Meléndez scores
Ted Young to second
Batting: RHB Pablo Lugo 0-0: Ball
1-0: Foul Ball, location: 2F
1-1: Fly out, F2 (Popup, 3SF)
Batting: RHB Bill Taylor 0-0: Called Strike
0-1: Ball
1-1: SINGLE (Line Drive, 56D)
Ted Young to third
Runner from 3rd tries for Home, SAFE, throw made home
Bill Taylor to second
Pitching: RHP Miguel Herrera
Batting: RHB Jeff Young 0-0: Called Strike
0-1: Ball
1-1: Called Strike
1-2: Ball
2-2: SINGLE (Groundball, 6M)
Bill Taylor to third
Runner from 3rd tries for Home, throw and OUT!
Top of the 7th over - 2 run(s), 4 hit(s), 0 error(s), 1 left on base; Las Vegas 4 - Oakland 6
BOTTOM OF THE 7TH
Oakland Oaks batting - Pitching for Las Vegas Flamingos : RHP Roger Garrett
Batting: LHB Randy Daugherty 0-0: Called Strike
0-1: Ball
1-1: Swinging Strike
1-2: Ball
2-2: Strikes out looking
Batting: LHB Edwin Church 0-0: SINGLE (Groundball, 4M)
Batting: RHB Dave Henderson Pickoff Throw to First - Out!
0-0: Ball
1-0: Ball
2-0: Ball
3-0: Called Strike
3-1: Called Strike
3-2: SINGLE (Groundball, 34D)
Batting: LHB Ron Frazier 0-0: Foul Ball, location: 2F
0-1: Foul Ball, location: 2F
0-2: Ball
Dave Henderson steals 2nd base
1-2: Foul Ball, location: 2F
1-2: Foul Ball, location: 2F
1-2: Foul Ball, location: 2F
1-2: Ball
2-2: Foul Ball, location: 2F
2-2: Foul Ball, location: 2F
2-2: Foul Ball, location: 2F
2-2: Fly out, F9 (Flyball, 89D)
Bottom of the 7th over - 0 run(s), 2 hit(s), 0 error(s), 1 left on base; Las Vegas 4 - Oakland 6
TOP OF THE 8TH
Las Vegas Flamingos batting - Pitching for Oakland Oaks : RHP Miguel Herrera
Now at SS: Francisco Torres
Batting: RHB Sake van Arem 0-0: Ground out 5-3 (Groundball, 5)
Batting: LHB Ron Goodwin 0-0: Called Strike
0-1: Foul Ball, location: 2F
0-2: Strikes out swinging
Batting: RHB Terry Sylvester 0-0: Called Strike
0-1: Ground out 5-3 (Groundball, 5L)
Top of the 8th over - 0 run(s), 0 hit(s), 0 error(s), 0 left on base; Las Vegas 4 - Oakland 6
BOTTOM OF THE 8TH
Oakland Oaks batting - Pitching for Las Vegas Flamingos : RHP Roger Garrett
Pitching: RHP Nick Taylor
Batting: RHB Francisco Torres 0-0: Ball
1-0: Fly out, F5 (Popup, 5F)
Batting: RHB Miguel Fernández 0-0: Called Strike
0-1: Ball
1-1: Ball
2-1: Foul Ball, location: 2F
2-2: Ground out 5-3 (Groundball, 56)
Batting: LHB Johnny Hernández 0-0: Ground out 3-1 (Groundball, 34)
Bottom of the 8th over - 0 run(s), 0 hit(s), 0 error(s), 0 left on base; Las Vegas 4 - Oakland 6
TOP OF THE 9TH
Las Vegas Flamingos batting - Pitching for Oakland Oaks : RHP Miguel Herrera
Pitching: RHP Tony Hernández
Batting: LHB José Meléndez 0-0: Swinging Strike
0-1: Foul Ball, location: 2F
0-2: Ball
1-2: Ball
2-2: Foul Ball, location: 2F
2-2: Foul Ball, location: 2F
2-2: Foul Ball, location: 2F
2-2: Ground out 6-3 (Groundball, 6M)
Batting: RHB Ted Young 0-0: Ball
1-0: Ball
2-0: Called Strike
2-1: Swinging Strike
2-2: Fly out, F8 (Flyball, 8RS)
Batting: RHB Wayne Bannatyne 0-0: Ball
1-0: Ball
2-0: Foul Ball, location: 2F
2-1: Ball
3-1: Called Strike
3-2: Base on Balls
Batting: RHB Pablo Lugo 0-0: Ball
Wild Pitch!
Wayne Bannatyne to second
1-0: Called Strike
1-1: Called Strike
1-2: Strikes out swinging
Top of the 9th over - 0 run(s), 0 hit(s), 0 error(s), 1 left on base; Las Vegas 4 - Oakland 6
This league is powered by Out of the Park Baseball, the baseball management simulation game for PC, Mac and Linux
Friday, April 15th, 2016 - OOTP Baseball 16.9 Build 39